 Dungeon Crawl Stone Soup version 0.31-a0-859-g9dce7d3444 (webtiles) character file.

Game seed: 8301271506091592801

35 Kurtz the Sneak (level 3, -1/34 HPs)
             Began as a Naga Delver on Oct 9, 2023.
             Killed by divine providence
             ... invoked by an orc priest
              (12 damage)
             ... on level 5 of the Dungeon.
             The game lasted 00:01:19 (553 turns).

Kurtz the Sneak (Naga Delver)                        Turns: 553, Time: 00:01:20

Health: -1/34      AC:  2    Str: 16    XL:     3   Next: 35%
Magic:  3/3        EV:  9    Int: 10    God:
Gold:   25         SH:  0    Dex: 12    Spells: 2/2 levels left

rFire   . . .        a - +0 hand axe
rCold   . . .        (no shield)
rNeg    . . .        b - +0 leather armour
rPois   +            (no helmet)
rElec   .            (no cloak)
rCorr   .            (no gloves)
SInv    +            (no barding)
Will    .....        (no amulet)
Stlth   +++          (no ring)
HPRegen 0.25/turn    (no ring)
MPRegen 0.08/turn

%: no passive effects
@: short of breath, hasted, quick
A: AC +1, large, see invisible, deformed body, poison resistance, slowness 2,
spit poison 1, naga tail 1
a: Spit Poison


You were on level 5 of the Dungeon.
You visited 2 branches of the dungeon, and saw 3 of its levels.

You collected 25 gold pieces.

Inventory:

Hand Weapons
 a - a +0 hand axe (weapon)
Armour
 b - a +0 leather armour (worn)
Wands
 g - a wand of digging (3)
 h - a wand of roots (9)
Scrolls
 c - a scroll of fog
 d - a scroll of revelation
 e - a scroll of fear


   Skills:
 - Level 3.0 Fighting
 * Level 3.7 Axes
 - Level 1.5 Dodging
 - Level 7.2 Stealth


You had 2 spell levels left.
You didn't know any spells.
Your spell library contained the following spells:

 Spells                   Type           Power      Damage    Failure   Level
 Shock                    Conj/Air       0%         1d3       43%         1
 Swiftness                Air            0%         N/A       80%         3
 Airstrike                Air            0%         2d(0-16)  99%         4


Dungeon Overview and Level Annotations

Branches:
Dungeon (5/15)             Temple (1/1) D:5

Altars:
Ashenzari
Cheibriados
Dithmenos
Elyvilon
Gozag
Hepliaklqana
Nemelex Xobeh
Okawaru
Vehumet
Yredelemnul
The Shining One

Annotations:
D:5 exclusion: centaur


Innate Abilities, Weirdness & Mutations

Your serpentine skin is tough. (AC +1)
You have supernaturally acute eyesight. (SInv)
Armour fits poorly on your strangely shaped body.
Your system is resistant to poisons. (rPois)
You cover ground very slowly.
You can spit poison.
You have a snake-like lower body.


Message History

You kill the orc!
Unknown command.
You see here a +0 dagger.
You have got your breath back.
You see here a dart slug corpse.
You start resting.
An orc priest is nearby!
An orc priest is nearby!
Aiming: Spit Poison (2% risk of failure)
Press: ? - help, Shift-Dir - straight line, f - orc priest
Aim: an orc priest, wielding a +0 mace and wearing a +0 leather armour (59% to hit)
The splash of poison hits the orc priest but does no damage.
The orc priest is poisoned.
Unknown command.
You closely miss the orc priest.
The orc priest mumbles some strange prayers to Beogh against you.
Pain shoots through your body!
You hit the orc priest but do no damage.
You have got your breath back.
The orc priest hits you with a +0 mace.
Unknown command.
Aiming: Spit Poison (2% risk of failure)
Press: ? - help, Shift-Dir - straight line, p - orc priest The splash of poison misses the orc priest.
The splash of poison misses the orc wizard.
The orc priest barely misses you.
Unknown command.
You barely miss the orc priest.
The orc priest is lightly wounded.
The orc wizard gestures at you while chanting.
You resist with some effort.
Unknown command.
You feel yourself speed up. The orc priest barely misses you.
Unknown command.
You barely miss the orc wizard. You barely miss the orc priest.
The orc priest looks more healthy.
The orc wizard hits you with a +0 dagger.
The orc priest calls down the wrath of Beogh upon you.
Beogh smites you!
You die...

###########.####
#.?.#..........#
#.......###.#...
#...#...##....#.
##.######....... #.#
##...### #.# ###'###
#####.# #.....#
####.@o).# ###.###.###
#....o..## #.'.#>#.'.#
#.......# #.#.#'#.#)#
#..###..# #.#.....#.#
#..# #..## #.###'###.#
#..###...###..........
#...........'.........
####.#...####.........
#.##.## ##.......#


You could see an orc priest and an orc wizard.

Vanquished Creatures
  An iguana (D:5)
  A dart slug (D:5)
  2 orcs (D:5)
  2 goblins (D:4)
  A kobold (D:4)
7 creatures vanquished.

Notes
Turn   | Place    | Note
-------+----------+-------------------------------------------
     0 | D:5      | Kurtz the Naga Delver began the quest for the Orb.
     0 | D:5      | Reached XP level 1. HP: 21/21 MP: 1/1
    13 | D:5      | Found a sparkling altar of Nemelex Xobeh.
    34 | D:5      | Noticed an iguana
    45 | D:5      | Killed an iguana
    46 | D:5      | Reached XP level 2. HP: 7/28 MP: 2/2
    46 | D:5      | Reached XP level 3. HP: 9/34 MP: 3/3
   180 | D:5      | Noticed a centaur
   193 | D:5      | Found a staircase to the Ecumenical Temple.
   231 | Temple   | Entered the Ecumenical Temple
   553 | D:5      | Killed from afar by an orc priest

Illustrated notes

Levels and vault maps discovered:
D:4:      layout_loops_ring, minmay_fractal_squares_5, uniq_grinder
D:5:      layout_loops_corners, mainiacjoe_overflow_24_doors,
          minmay_temple_entry_glassed_door, uniq_pikel, uniq_ijyb,
          uniq_blork_the_orc, uniq_crazy_yiuf_cottage
Temple:   hellmonk_temple_flake

Skill      XL: |  1 |
---------------+----+-----
Axes           | 3 |  3.7
Fighting       | |  3.0
Dodging        | |  1.5
Stealth        | |  7.2

Action                     || total
---------------------------++-------
  Melee: Hand axe          ||    23
Ability: Spit Poison       ||     6
    Use: Scroll            ||     1
         Potion            ||     1
   Stab: Sleeping          ||     2
 Armour: Leather armour    ||    12
  Dodge: Dodged            ||    16

Table legend: (Time is in decaauts)
 A = Elapsed time spent in this place.
 B = Non-inter-level travel time spent in this place.
 C = Inter-level travel time spent in this place.
 D = Time resting spent in this place.
 E = Time spent auto-exploring this place.
 F = Levels seen in this place.
 G = Mean time per level.
                   A        B        C        D        E       F      G
               +--------+--------+--------+--------+--------+-----+--------+
         Total |    709 |    446 |    263 |    110 |    189 |   3 |  236.3 |
       Dungeon |    649 |    447 |    202 |    110 |    189 |   2 |  324.5 |
        Temple |     60 |      0 |     60 |      0 |      0 |   1 |   60.0 |
               +--------+--------+--------+--------+--------+-----+--------+

Top non-repeatable levels by time:
     D:5: 601 daAuts
  Temple: 60 daAuts
     D:4: 47 daAuts
